 
                        
                    1986 views
Uploaded 2019-12-02 02:07:38
Game version 1.32.0.3 / 1.32.0.3.1
36:24 long 3on3 ladder game on (6)Monsoon_LV
Saved by iggythefisk
                        
                         
                     
                        
                    1986 views
Uploaded 2019-12-02 02:07:38
Game version 1.32.0.3 / 1.32.0.3.1
36:24 long 3on3 ladder game on (6)Monsoon_LV
 
     
     
     
     
     
     
     
 
    
 
    
 
     
 67 units @ 5.8k
            
            
                67 units @ 5.8k  / 0.1k
 / 0.1k  279 buildings @ 18.7k
            
            
                279 buildings @ 18.7k  / 10k
 / 10k  
            
         BEARAND
                 (37:43) :
BEARAND
                 (37:43) :                


 
                         x1)
 x1) 
                             
                             
                         
                             
                             
                         
                             
                            | Lesser Clarity Potion | 1 | 70 | 
| Staff of Sanctuary | 3 | 750 | 
| Boots of Speed | 3 | 750 | 
| Tome of Retraining | 1 | 300 | 
| Staff of Teleportation | 3 | 450 | 
| Healing Salve | 1 | 100 | 
| Orb of Lightning | 2 | 750 | 
| total: | 14 | 3170g | 
| Peasant | 21 | 1575 | / | 0 | 
| Priest | 1 | 135 | / | 10 | 
| Sorceress | 1 | 155 | / | 20 | 
| total: | 23 | 1865g | / | 30w | 
| Scout Tower | 121 | 3630 | / | 2420 | 
| Arcane Tower | 5 | 350 | / | 250 | 
| Guard Tower | 32 | 2240 | / | 1600 | 
| Altar of Kings | 1 | 180 | / | 50 | 
| Farm | 5 | 400 | / | 100 | 
| Lumber Mill | 1 | 120 | / | 0 | 
| Arcane Vault | 3 | 390 | / | 90 | 
| Town Hall | 4 | 1540 | / | 820 | 
| Blacksmith | 1 | 140 | / | 60 | 
| Arcane Sanctum | 1 | 150 | / | 140 | 
| Gryphon Aviary | 2 | 280 | / | 300 | 
| Keep | 1 | 320 | / | 210 | 
| Castle | 1 | 360 | / | 210 | 
| total: | 139 | 6830g | / | 3980w | 
| 0:08 | Altar of Kings | 
| 0:17 | Peasant | 
| 0:17 | Peasant | 
| 0:18 | Peasant | 
| 0:34 | Farm | 
| 0:44 | Peasant | 
| 0:52 | Lumber Mill | 
| 1:04 | Farm | 
| 1:10 | Peasant | 
| 1:14 | Peasant | 
| 1:30 | Scout Tower | 
| 1:46 | Peasant | 
| 1:50 | Scout Tower | 
| 1:52 | Peasant | 
| 1:56 | Peasant | 
| 1:59 | Arcane Tower | 
| 2:01 | Scout Tower | 
| 2:05 | Peasant | 
| 2:05 | Peasant | 
| 2:06 | Peasant | 
| 2:08 | Summon Water Elemental | 
| 2:14 | Peasant | 
| 2:20 | Scout Tower | 
| 2:25 | Arcane Tower | 
| 2:36 | Peasant | 
| 2:37 | Peasant | 
| 2:39 | Guard Tower | 
| 2:41 | Scout Tower | 
| 2:43 | Scout Tower | 
| 2:46 | Peasant | 
| 2:51 | Guard Tower | 
| 3:14 | Guard Tower | 
| 3:16 | Scout Tower | 
| 3:17 | Scout Tower | 
| 3:27 | Guard Tower | 
| 3:29 | Scout Tower | 
| 4:03 | Keep | 
| 4:06 | Brilliance Aura | 
| 4:23 | Guard Tower | 
| 4:24 | Guard Tower | 
| 4:25 | Scout Tower | 
| 4:27 | Scout Tower | 
| 4:28 | Scout Tower | 
| 4:30 | Scout Tower | 
| 4:31 | Scout Tower | 
| 4:33 | Farm | 
| 4:33 | Farm | 
| 4:41 | Healing Salve | 
| 4:44 | Lesser Clarity Potion | 
| 6:01 | Guard Tower | 
| 6:04 | Scout Tower | 
| 6:04 | Scout Tower | 
| 6:06 | Scout Tower | 
| 6:06 | Scout Tower | 
| 6:53 | Guard Tower | 
| 6:56 | Guard Tower | 
| 6:56 | Guard Tower | 
| 7:00 | Improved Masonry | 
| 7:11 | Guard Tower | 
| 7:12 | Arcane Tower | 
| 7:29 | Scout Tower | 
| 7:54 | Scout Tower | 
| 7:56 | Scout Tower | 
| 7:58 | Scout Tower | 
| 7:58 | Scout Tower | 
| 7:58 | Scout Tower | 
| 7:59 | Scout Tower | 
| 7:59 | Scout Tower | 
| 8:07 | Guard Tower | 
| 8:26 | Storm Bolt | 
| 9:08 | Boots of Speed | 
| 9:11 | Tome of Retraining | 
| 9:11 | Retrain Hero | 
| 9:37 | Castle | 
| 9:39 | Arcane Tower | 
| 9:39 | Guard Tower | 
| 9:43 | Arcane Sanctum | 
| 9:53 | Blizzard | 
| 9:53 | Brilliance Aura | 
| 9:53 | Blizzard | 
| 10:03 | Boots of Speed | 
| 10:26 | Arcane Vault | 
| 10:48 | Guard Tower | 
| 11:19 | Town Hall | 
| 11:28 | Scout Tower | 
| 11:29 | Scout Tower | 
| 11:30 | Scout Tower | 
| 11:30 | Scout Tower | 
| 11:35 | Magic Sentry | 
| 11:50 | Advanced Masonry | 
| 11:56 | Priest | 
| 12:03 | Peasant | 
| 12:11 | Guard Tower | 
| 12:46 | Farm | 
| 12:56 | Bash | 
| 13:31 | Guard Tower | 
| 13:32 | Peasant | 
| 13:42 | Imbued Masonry | 
| 13:43 | Improved Lumber Harvesting | 
| 14:05 | Staff of Teleportation | 
| 14:14 | Boots of Speed | 
| 14:29 | Holy Light | 
| 14:38 | Arcane Vault | 
| 14:39 | Arcane Vault | 
| 14:46 | Priest Adept Training | 
| 14:46 | Sorceress | 
| 14:47 | Sorceress Adept Training | 
| 14:55 | Guard Tower | 
| 15:05 | Scout Tower | 
| 15:06 | Scout Tower | 
| 15:08 | Scout Tower | 
| 15:08 | Scout Tower | 
| 15:08 | Scout Tower | 
| 15:15 | Staff of Teleportation | 
| 15:26 | Scout Tower | 
| 15:27 | Scout Tower | 
| 15:27 | Scout Tower | 
| 15:27 | Scout Tower | 
| 15:28 | Scout Tower | 
| 15:28 | Scout Tower | 
| 15:29 | Scout Tower | 
| 15:29 | Scout Tower | 
| 16:02 | Staff of Sanctuary | 
| 16:27 | Orb of Lightning | 
| 16:29 | Guard Tower | 
| 17:41 | Staff of Teleportation | 
| 18:26 | Staff of Sanctuary | 
| 18:28 | Staff of Sanctuary | 
| 19:15 | Arcane Tower | 
| 19:18 | Blacksmith | 
| 19:19 | Gryphon Aviary | 
| 19:21 | Gryphon Aviary | 
| 22:07 | Scout Tower | 
| 22:07 | Scout Tower | 
| 22:08 | Scout Tower | 
| 22:09 | Scout Tower | 
| 22:38 | Town Hall | 
| 23:28 | Brilliance Aura | 
| 23:30 | Storm Bolt | 
| 23:37 | Town Hall | 
| 23:39 | Scout Tower | 
| 23:39 | Scout Tower | 
| 23:39 | Scout Tower | 
| 23:40 | Scout Tower | 
| 23:40 | Scout Tower | 
| 23:41 | Scout Tower | 
| 23:41 | Scout Tower | 
| 23:41 | Scout Tower | 
| 23:41 | Scout Tower | 
| 23:41 | Scout Tower | 
| 23:41 | Scout Tower | 
| 23:41 | Scout Tower | 
| 23:41 | Scout Tower | 
| 23:42 | Scout Tower | 
| 23:42 | Scout Tower | 
| 23:53 | Town Hall | 
| 24:29 | Divine Shield | 
| 24:45 | Scout Tower | 
| 24:46 | Scout Tower | 
| 24:46 | Scout Tower | 
| 24:46 | Scout Tower | 
| 24:46 | Scout Tower | 
| 24:46 | Scout Tower | 
| 24:46 | Scout Tower | 
| 24:47 | Scout Tower | 
| 24:47 | Scout Tower | 
| 24:47 | Scout Tower | 
| 24:47 | Scout Tower | 
| 24:47 | Scout Tower | 
| 24:47 | Scout Tower | 
| 24:47 | Scout Tower | 
| 24:47 | Scout Tower | 
| 24:48 | Scout Tower | 
| 24:48 | Scout Tower | 
| 24:48 | Scout Tower | 
| 24:48 | Scout Tower | 
| 24:48 | Scout Tower | 
| 24:48 | Scout Tower | 
| 24:48 | Scout Tower | 
| 24:49 | Scout Tower | 
| 24:49 | Scout Tower | 
| 24:49 | Scout Tower | 
| 24:49 | Scout Tower | 
| 24:49 | Scout Tower | 
| 24:49 | Scout Tower | 
| 24:49 | Scout Tower | 
| 24:50 | Scout Tower | 
| 24:50 | Scout Tower | 
| 24:50 | Scout Tower | 
| 24:50 | Scout Tower | 
| 24:50 | Scout Tower | 
| 24:50 | Scout Tower | 
| 24:51 | Scout Tower | 
| 24:51 | Scout Tower | 
| 24:51 | Scout Tower | 
| 24:51 | Scout Tower | 
| 24:51 | Scout Tower | 
| 24:51 | Scout Tower | 
| 24:52 | Scout Tower | 
| 25:06 | Guard Tower | 
| 25:07 | Guard Tower | 
| 25:08 | Guard Tower | 
| 25:09 | Guard Tower | 
| 25:09 | Guard Tower | 
| 26:15 | Guard Tower | 
| 26:24 | Guard Tower | 
| 28:06 | Orb of Lightning | 
| 30:02 | Scout Tower | 
| 30:03 | Scout Tower | 
| 30:03 | Scout Tower | 
| 30:04 | Scout Tower | 
| 30:04 | Scout Tower | 
| 30:05 | Scout Tower | 
| 30:05 | Scout Tower | 
| 30:07 | Guard Tower | 
| 30:09 | Peasant | 
| 30:09 | Peasant | 
| 30:09 | Peasant | 
| 31:00 | Scout Tower | 
| 31:00 | Scout Tower | 
| 31:01 | Scout Tower | 
| 31:02 | Scout Tower | 
| 31:02 | Scout Tower | 
| 31:03 | Scout Tower | 
| 32:14 | Guard Tower | 
| 32:20 | Scout Tower | 
| 32:20 | Scout Tower | 
| 32:21 | Scout Tower | 
| 32:21 | Scout Tower | 
| 35:44 | Holy Light | 
| Right click | 2851 | 
| Chat | 815 | 
| Select | 709 | 
| Select group | 651 | 
| Build/train/purchase | 175 | 
| Use ability | 131 | 
| Misc. action | 36 | 
| Assign group | 23 | 
| Item give/drop | 15 | 
| Minimap ping | 14 | 
| Resource trade | 5 | 
| Remove unit | 2 | 
| Esc | 1 | 



 
                         x1)
 x1) 
                             
                             
                             
                         
                             
                             
                         
                             
                             
                            | Staff of Sanctuary | 3 | 750 | 
| Staff of Teleportation | 3 | 450 | 
| Boots of Speed | 3 | 750 | 
| Periapt of Vitality | 4 | 1300 | 
| Tome of Retraining | 1 | 300 | 
| Potion of Invisibility | 1 | 100 | 
| Orb of Lightning | 3 | 1125 | 
| total: | 18 | 4775g | 
| Peasant | 24 | 1800 | / | 0 | 
| Priest | 1 | 135 | / | 10 | 
| total: | 25 | 1935g | / | 10w | 
| Scout Tower | 74 | 2220 | / | 1480 | 
| Arcane Tower | 3 | 210 | / | 150 | 
| Guard Tower | 24 | 1680 | / | 1200 | 
| Altar of Kings | 1 | 180 | / | 50 | 
| Farm | 4 | 320 | / | 80 | 
| Lumber Mill | 1 | 120 | / | 0 | 
| Town Hall | 3 | 1155 | / | 615 | 
| Arcane Vault | 3 | 390 | / | 90 | 
| Arcane Sanctum | 1 | 150 | / | 140 | 
| Keep | 1 | 320 | / | 210 | 
| Castle | 2 | 720 | / | 420 | 
| total: | 87 | 4535g | / | 2455w | 
| 0:03 | Peasant | 
| 0:03 | Peasant | 
| 0:14 | Altar of Kings | 
| 0:18 | Farm | 
| 0:23 | Peasant | 
| 0:43 | Peasant | 
| 0:46 | Lumber Mill | 
| 0:57 | Peasant | 
| 1:04 | Scout Tower | 
| 1:08 | Farm | 
| 1:11 | Peasant | 
| 1:11 | Peasant | 
| 1:28 | Peasant | 
| 1:31 | Arcane Tower | 
| 1:33 | Scout Tower | 
| 1:37 | Peasant | 
| 1:37 | Peasant | 
| 2:00 | Guard Tower | 
| 2:02 | Scout Tower | 
| 2:09 | Peasant | 
| 2:09 | Peasant | 
| 2:14 | Peasant | 
| 2:15 | Summon Water Elemental | 
| 2:22 | Peasant | 
| 2:27 | Scout Tower | 
| 2:31 | Guard Tower | 
| 2:58 | Guard Tower | 
| 3:00 | Scout Tower | 
| 3:19 | Peasant | 
| 3:24 | Brilliance Aura | 
| 3:49 | Keep | 
| 4:09 | Staff of Teleportation | 
| 4:09 | Boots of Speed | 
| 4:12 | Periapt of Vitality | 
| 4:48 | Town Hall | 
| 6:06 | Improved Masonry | 
| 7:12 | Castle | 
| 7:30 | Arcane Sanctum | 
| 7:32 | Guard Tower | 
| 7:34 | Scout Tower | 
| 7:34 | Scout Tower | 
| 7:35 | Scout Tower | 
| 7:51 | Summon Water Elemental | 
| 7:59 | Arcane Vault | 
| 8:01 | Arcane Vault | 
| 8:04 | Arcane Vault | 
| 8:09 | Storm Bolt | 
| 8:17 | Advanced Masonry | 
| 8:18 | Improved Lumber Harvesting | 
| 8:21 | Peasant | 
| 8:21 | Peasant | 
| 8:47 | Staff of Teleportation | 
| 8:47 | Boots of Speed | 
| 8:49 | Periapt of Vitality | 
| 9:07 | Guard Tower | 
| 9:10 | Scout Tower | 
| 9:10 | Scout Tower | 
| 9:12 | Magic Sentry | 
| 9:31 | Scout Tower | 
| 9:32 | Scout Tower | 
| 9:33 | Scout Tower | 
| 9:34 | Scout Tower | 
| 9:35 | Scout Tower | 
| 9:35 | Scout Tower | 
| 10:01 | Farm | 
| 10:01 | Farm | 
| 10:03 | Imbued Masonry | 
| 10:37 | Priest | 
| 10:37 | Priest Adept Training | 
| 10:47 | Bash | 
| 10:53 | Guard Tower | 
| 10:56 | Holy Light | 
| 10:59 | Orb of Lightning | 
| 11:01 | Staff of Sanctuary | 
| 11:03 | Staff of Sanctuary | 
| 11:56 | Guard Tower | 
| 11:58 | Scout Tower | 
| 11:59 | Scout Tower | 
| 12:00 | Scout Tower | 
| 12:00 | Scout Tower | 
| 12:01 | Scout Tower | 
| 12:01 | Scout Tower | 
| 12:02 | Scout Tower | 
| 12:03 | Scout Tower | 
| 12:05 | Scout Tower | 
| 12:05 | Scout Tower | 
| 12:06 | Scout Tower | 
| 12:07 | Scout Tower | 
| 12:07 | Scout Tower | 
| 12:08 | Scout Tower | 
| 12:30 | Staff of Sanctuary | 
| 12:57 | Guard Tower | 
| 13:38 | Boots of Speed | 
| 13:56 | Tome of Retraining | 
| 13:56 | Retrain Hero | 
| 14:11 | Potion of Invisibility | 
| 14:16 | Periapt of Vitality | 
| 14:22 | Brilliance Aura | 
| 14:23 | Brilliance Aura | 
| 14:24 | Blizzard | 
| 14:31 | Guard Tower | 
| 14:35 | Peasant | 
| 14:35 | Peasant | 
| 14:45 | Orb of Lightning | 
| 15:12 | Scout Tower | 
| 15:13 | Scout Tower | 
| 15:13 | Scout Tower | 
| 15:17 | Scout Tower | 
| 15:18 | Scout Tower | 
| 15:18 | Scout Tower | 
| 15:19 | Scout Tower | 
| 15:20 | Scout Tower | 
| 15:20 | Scout Tower | 
| 15:21 | Scout Tower | 
| 15:21 | Scout Tower | 
| 15:22 | Scout Tower | 
| 15:23 | Scout Tower | 
| 16:11 | Blizzard | 
| 16:37 | Arcane Tower | 
| 16:42 | Orb of Lightning | 
| 17:03 | Staff of Teleportation | 
| 17:57 | Divine Shield | 
| 18:16 | Storm Bolt | 
| 19:04 | Arcane Tower | 
| 19:15 | Peasant | 
| 19:15 | Peasant | 
| 19:16 | Peasant | 
| 19:16 | Peasant | 
| 19:16 | Peasant | 
| 19:18 | Advanced Lumber Harvesting | 
| 20:08 | Town Hall | 
| 21:37 | Scout Tower | 
| 21:38 | Scout Tower | 
| 21:39 | Scout Tower | 
| 21:39 | Scout Tower | 
| 21:40 | Scout Tower | 
| 21:41 | Scout Tower | 
| 21:41 | Scout Tower | 
| 21:42 | Scout Tower | 
| 21:43 | Scout Tower | 
| 21:44 | Scout Tower | 
| 21:44 | Scout Tower | 
| 21:45 | Scout Tower | 
| 21:45 | Scout Tower | 
| 21:46 | Scout Tower | 
| 21:46 | Scout Tower | 
| 21:47 | Scout Tower | 
| 21:47 | Scout Tower | 
| 21:48 | Scout Tower | 
| 21:48 | Scout Tower | 
| 21:49 | Scout Tower | 
| 22:47 | Guard Tower | 
| 22:48 | Guard Tower | 
| 23:24 | Guard Tower | 
| 23:56 | Guard Tower | 
| 24:31 | Holy Light | 
| 24:44 | Guard Tower | 
| 24:47 | Scout Tower | 
| 24:47 | Scout Tower | 
| 24:48 | Scout Tower | 
| 24:49 | Scout Tower | 
| 24:50 | Scout Tower | 
| 24:50 | Scout Tower | 
| 24:51 | Scout Tower | 
| 24:52 | Scout Tower | 
| 24:52 | Scout Tower | 
| 24:54 | Scout Tower | 
| 24:54 | Scout Tower | 
| 25:08 | Guard Tower | 
| 25:50 | Guard Tower | 
| 26:29 | Guard Tower | 
| 26:44 | Guard Tower | 
| 27:01 | Guard Tower | 
| 27:10 | Guard Tower | 
| 27:39 | Bash | 
| 27:41 | Guard Tower | 
| 28:07 | Brilliance Aura | 
| 28:14 | Guard Tower | 
| 28:32 | Guard Tower | 
| 28:38 | Town Hall | 
| 30:10 | Guard Tower | 
| 30:48 | Periapt of Vitality | 
| 34:39 | Devotion Aura | 
| 36:57 | Storm Bolt | 
| 37:23 | Mass Teleport | 
| Right click | 2368 | 
| Select group | 2081 | 
| Select | 319 | 
| Chat | 272 | 
| Use ability | 179 | 
| Build/train/purchase | 155 | 
| Misc. action | 68 | 
| Minimap ping | 47 | 
| Item give/drop | 11 | 
| Assign group | 10 | 
| Esc | 1 | 


 
                         
                             
                             
                         
                             
                            | Healing Salve | 7 | 700 | 
| Lesser Clarity Potion | 11 | 770 | 
| Orb of Lightning | 2 | 750 | 
| Boots of Speed | 2 | 500 | 
| Staff of Teleportation | 2 | 300 | 
| Circlet of Nobility | 1 | 175 | 
| total: | 25 | 3195g | 
| Peon | 15 | 1125 | / | 0 | 
| Mud Golem | 1 | 145 | / | 10 | 
| Ogre Magi | 1 | 320 | / | 50 | 
| Gnoll Warden | 1 | 215 | / | 20 | 
| Gnoll Brute | 1 | 215 | / | 20 | 
| total: | 19 | 2020g | / | 100w | 
| Watch Tower | 34 | 3740 | / | 2720 | 
| Altar of Storms | 1 | 180 | / | 50 | 
| Orc Burrow | 2 | 320 | / | 80 | 
| War Mill | 7 | 1435 | / | 0 | 
| Voodoo Lounge | 6 | 780 | / | 180 | 
| Great Hall | 2 | 770 | / | 370 | 
| Beastiary | 1 | 145 | / | 140 | 
| Stronghold | 1 | 315 | / | 190 | 
| Fortress | 1 | 325 | / | 190 | 
| total: | 53 | 7370g | / | 3540w | 
| 0:01 | Peon | 
| 0:04 | Altar of Storms | 
| 0:11 | Orc Burrow | 
| 0:13 | Peon | 
| 0:14 | Peon | 
| 0:38 | War Mill | 
| 0:46 | Peon | 
| 0:58 | Peon | 
| 1:11 | Voodoo Lounge | 
| 1:17 | Peon | 
| 1:24 | Peon | 
| 1:34 | Peon | 
| 1:44 | Peon | 
| 1:44 | Peon | 
| 1:58 | Spiked Barricades | 
| 2:07 | Watch Tower | 
| 2:12 | Peon | 
| 2:23 | Watch Tower | 
| 2:33 | Wind Walk | 
| 2:41 | Healing Salve | 
| 2:42 | Lesser Clarity Potion | 
| 2:44 | Lesser Clarity Potion | 
| 3:33 | Watch Tower | 
| 3:52 | Boots of Speed | 
| 3:53 | Staff of Teleportation | 
| 4:33 | Stronghold | 
| 4:53 | Watch Tower | 
| 6:06 | Watch Tower | 
| 6:08 | Healing Salve | 
| 6:09 | Lesser Clarity Potion | 
| 7:04 | Critical Strike | 
| 7:29 | Watch Tower | 
| 7:30 | Watch Tower | 
| 7:49 | Watch Tower | 
| 7:54 | Voodoo Lounge | 
| 7:56 | Voodoo Lounge | 
| 8:19 | Fortress | 
| 8:20 | Improved Spiked Barricades | 
| 8:38 | Watch Tower | 
| 9:08 | Orc Burrow | 
| 9:33 | Great Hall | 
| 10:04 | Wind Walk | 
| 10:26 | Voodoo Lounge | 
| 11:11 | Healing Wave | 
| 11:44 | Healing Salve | 
| 11:48 | Lesser Clarity Potion | 
| 11:58 | Boots of Speed | 
| 11:59 | Staff of Teleportation | 
| 12:09 | Healing Salve | 
| 12:17 | Orb of Lightning | 
| 12:28 | Watch Tower | 
| 12:29 | Watch Tower | 
| 12:29 | Watch Tower | 
| 12:31 | Watch Tower | 
| 12:36 | Great Hall | 
| 13:08 | Reinforced Defenses | 
| 14:27 | Orb of Lightning | 
| 14:35 | Lesser Clarity Potion | 
| 14:43 | Watch Tower | 
| 14:43 | Watch Tower | 
| 14:45 | Watch Tower | 
| 14:46 | Watch Tower | 
| 14:46 | Watch Tower | 
| 14:47 | Watch Tower | 
| 14:48 | Watch Tower | 
| 15:33 | Beastiary | 
| 18:00 | Hex | 
| 18:22 | Critical Strike | 
| 18:28 | Peon | 
| 18:29 | Peon | 
| 18:29 | Peon | 
| 18:30 | Peon | 
| 18:33 | Watch Tower | 
| 18:33 | Watch Tower | 
| 22:12 | Voodoo Lounge | 
| 22:14 | Voodoo Lounge | 
| 22:28 | War Mill | 
| 22:33 | War Mill | 
| 22:36 | Healing Salve | 
| 22:42 | Lesser Clarity Potion | 
| 22:49 | Lesser Clarity Potion | 
| 23:10 | Circlet of Nobility | 
| 24:43 | Watch Tower | 
| 24:44 | Watch Tower | 
| 24:44 | Watch Tower | 
| 25:06 | War Mill | 
| 25:07 | War Mill | 
| 25:09 | War Mill | 
| 25:12 | War Mill | 
| 26:06 | Healing Salve | 
| 27:47 | Lesser Clarity Potion | 
| 29:26 | Healing Wave | 
| 30:56 | Watch Tower | 
| 30:57 | Watch Tower | 
| 30:58 | Watch Tower | 
| 31:15 | Watch Tower | 
| 31:18 | Watch Tower | 
| 31:18 | Watch Tower | 
| 31:19 | Watch Tower | 
| 34:07 | Wind Walk | 
| 34:11 | Lesser Clarity Potion | 
| 36:44 | Healing Salve | 
| 36:48 | Lesser Clarity Potion | 
| 36:53 | Lesser Clarity Potion | 
| 37:07 | Watch Tower | 
| 37:07 | Watch Tower | 
| 37:22 | Mud Golem | 
| 37:22 | Ogre Magi | 
| 37:23 | Gnoll Warden | 
| 37:23 | Gnoll Brute | 
| Right click | 2527 | 
| Select group | 944 | 
| Assign group | 581 | 
| Chat | 378 | 
| Select | 204 | 
| Build/train/purchase | 129 | 
| Use ability | 108 | 
| Misc. action | 24 | 
| Item give/drop | 18 | 
 145 units @ 17.8k
            
            
                145 units @ 17.8k  / 1.5k
 / 1.5k  73 buildings @ 10.8k
            
            
                73 buildings @ 10.8k  / 4.6k
 / 4.6k  
            
        

 
                         
                             
                             
                         
                            | Peon | 7 | 525 | / | 0 | 
| Grunt | 10 | 2000 | / | 0 | 
| Troll Headhunter | 4 | 560 | / | 80 | 
| Wind Rider | 2 | 530 | / | 80 | 
| Demolisher | 4 | 880 | / | 200 | 
| total: | 27 | 4495g | / | 360w | 
| Altar of Storms | 1 | 180 | / | 50 | 
| Orc Burrow | 7 | 1120 | / | 280 | 
| Barracks | 1 | 180 | / | 50 | 
| War Mill | 1 | 205 | / | 0 | 
| Beastiary | 1 | 145 | / | 140 | 
| Tauren Totem | 1 | 135 | / | 155 | 
| Stronghold | 1 | 315 | / | 190 | 
| Fortress | 1 | 325 | / | 190 | 
| total: | 12 | 1965g | / | 675w | 
| 0:18 | Altar of Storms | 
| 0:20 | Peon | 
| 0:28 | Orc Burrow | 
| 0:36 | Barracks | 
| 0:38 | Peon | 
| 0:56 | Peon | 
| 1:10 | Peon | 
| 1:49 | Grunt | 
| 1:55 | Orc Burrow | 
| 2:17 | Grunt | 
| 2:27 | Healing Wave | 
| 2:34 | War Mill | 
| 2:55 | Grunt | 
| 3:06 | Orc Burrow | 
| 3:47 | Steel Armor | 
| 3:50 | Troll Headhunter | 
| 4:19 | Troll Headhunter | 
| 4:31 | Peon | 
| 4:56 | Stronghold | 
| 5:53 | Troll Headhunter | 
| 6:18 | Serpent Ward | 
| 6:35 | Grunt | 
| 7:14 | Troll Headhunter | 
| 7:24 | Steel Ranged Weapons | 
| 7:33 | Orc Burrow | 
| 7:35 | Grunt | 
| 8:34 | Healing Wave | 
| 8:49 | Beastiary | 
| 8:52 | Grunt | 
| 9:26 | Berserker Strength | 
| 10:10 | Wind Rider | 
| 10:15 | Thorium Ranged Weapons | 
| 10:18 | Grunt | 
| 10:18 | Grunt | 
| 10:49 | Fortress | 
| 11:11 | Endurance Aura | 
| 11:15 | Serpent Ward | 
| 11:48 | Orc Burrow | 
| 11:55 | Orc Burrow | 
| 12:02 | Troll Regeneration | 
| 12:13 | Steel Melee Weapons | 
| 12:59 | Wind Rider | 
| 13:15 | Peon | 
| 13:15 | Peon | 
| 13:23 | Grunt | 
| 13:23 | Grunt | 
| 13:48 | Burning Oil | 
| 14:40 | Demolisher | 
| 14:58 | Orc Burrow | 
| 15:50 | Demolisher | 
| 16:02 | Envenomed Spears | 
| 16:25 | Demolisher | 
| 16:42 | Tauren Totem | 
| 17:46 | Demolisher | 
| Select group | 304 | 
| Select | 188 | 
| Misc. action | 182 | 
| Right click | 129 | 
| Build/train/purchase | 44 | 
| Assign group | 25 | 
| Use ability | 14 | 
| Remove unit | 2 | 
| Minimap ping | 2 | 



 
                         
                             
                             
                         
                             
                         
                            | Healing Salve | 1 | 100 | 
| Lesser Clarity Potion | 1 | 70 | 
| Scroll of Speed | 1 | 50 | 
| Scroll of Healing | 1 | 250 | 
| Scroll of Protection | 2 | 300 | 
| Boots of Speed | 2 | 500 | 
| Periapt of Vitality | 1 | 325 | 
| total: | 9 | 1595g | 
| Peon | 32 | 2400 | / | 0 | 
| Grunt | 4 | 800 | / | 0 | 
| Troll Headhunter | 7 | 980 | / | 140 | 
| Troll Witch Doctor | 3 | 435 | / | 75 | 
| Shaman | 2 | 260 | / | 40 | 
| Troll Berserker | 2 | 280 | / | 40 | 
| Demolisher | 3 | 660 | / | 150 | 
| Tauren | 1 | 280 | / | 80 | 
| total: | 54 | 6095g | / | 525w | 
| Watch Tower | 8 | 880 | / | 640 | 
| Altar of Storms | 1 | 180 | / | 50 | 
| Orc Burrow | 7 | 1120 | / | 280 | 
| Barracks | 2 | 360 | / | 100 | 
| Voodoo Lounge | 1 | 130 | / | 30 | 
| War Mill | 6 | 1230 | / | 0 | 
| Great Hall | 1 | 385 | / | 185 | 
| Spirit Lodge | 2 | 300 | / | 300 | 
| Beastiary | 1 | 145 | / | 140 | 
| Tauren Totem | 2 | 270 | / | 310 | 
| Stronghold | 1 | 315 | / | 190 | 
| Fortress | 1 | 325 | / | 190 | 
| total: | 31 | 5000g | / | 2035w | 
| 0:02 | Peon | 
| 0:02 | Peon | 
| 0:07 | Altar of Storms | 
| 0:10 | Orc Burrow | 
| 0:28 | Peon | 
| 0:48 | Peon | 
| 0:49 | Peon | 
| 1:03 | Peon | 
| 1:14 | Barracks | 
| 1:19 | Peon | 
| 1:29 | Orc Burrow | 
| 1:53 | Peon | 
| 1:56 | Peon | 
| 1:56 | Peon | 
| 2:14 | Voodoo Lounge | 
| 2:16 | Shockwave | 
| 2:20 | Grunt | 
| 2:49 | Orc Burrow | 
| 3:07 | Grunt | 
| 3:24 | War Mill | 
| 3:31 | Healing Salve | 
| 3:31 | Lesser Clarity Potion | 
| 3:32 | Scroll of Speed | 
| 3:51 | Grunt | 
| 4:45 | Grunt | 
| 4:47 | Stronghold | 
| 5:48 | Orc Burrow | 
| 6:17 | Endurance Aura | 
| 6:23 | Troll Headhunter | 
| 6:24 | Troll Headhunter | 
| 6:24 | Troll Headhunter | 
| 7:04 | Great Hall | 
| 7:07 | Spiked Barricades | 
| 7:45 | Troll Headhunter | 
| 7:45 | Troll Headhunter | 
| 8:16 | Endurance Aura | 
| 8:35 | Steel Armor | 
| 8:36 | Steel Melee Weapons | 
| 8:36 | Improved Spiked Barricades | 
| 8:36 | Reinforced Defenses | 
| 8:37 | Steel Ranged Weapons | 
| 10:23 | Shockwave | 
| 10:38 | Troll Regeneration | 
| 10:39 | Berserker Strength | 
| 10:49 | Barracks | 
| 10:57 | War Mill | 
| 12:15 | Spirit Lodge | 
| 12:22 | Spirit Lodge | 
| 12:40 | Troll Headhunter | 
| 12:40 | Troll Headhunter | 
| 12:44 | Hex | 
| 13:06 | Fortress | 
| 13:19 | Peon | 
| 13:19 | Peon | 
| 13:19 | Peon | 
| 13:19 | Peon | 
| 13:37 | War Mill | 
| 14:32 | Scroll of Protection | 
| 14:39 | Boots of Speed | 
| 14:48 | War Mill | 
| 14:53 | Thorium Ranged Weapons | 
| 14:54 | Thorium Melee Weapons | 
| 14:54 | Thorium Armor | 
| 14:55 | Shaman Adept Training | 
| 14:55 | Witch Doctor Adept Training | 
| 15:21 | Orc Burrow | 
| 15:26 | Orc Burrow | 
| 15:28 | Orc Burrow | 
| 16:05 | Peon | 
| 16:18 | Peon | 
| 16:18 | Peon | 
| 16:18 | Peon | 
| 16:18 | Peon | 
| 16:20 | Pillage | 
| 16:20 | Backpack | 
| 16:26 | Berserker Upgrade | 
| 17:31 | Peon | 
| 17:49 | Troll Witch Doctor | 
| 17:50 | Shaman | 
| 18:59 | Shaman Master Training | 
| 19:01 | Witch Doctor Master Training | 
| 19:02 | Arcanite Armor | 
| 19:02 | Arcanite Melee Weapons | 
| 19:03 | Arcanite Ranged Weapons | 
| 20:41 | Peon | 
| 20:41 | Peon | 
| 20:42 | Peon | 
| 20:42 | Peon | 
| 20:47 | War Mill | 
| 21:59 | Peon | 
| 21:59 | Peon | 
| 22:00 | Peon | 
| 22:00 | Peon | 
| 22:38 | Watch Tower | 
| 22:38 | Watch Tower | 
| 22:38 | Watch Tower | 
| 22:39 | Watch Tower | 
| 22:41 | Watch Tower | 
| 22:42 | Watch Tower | 
| 22:43 | Watch Tower | 
| 22:47 | Watch Tower | 
| 24:18 | Beastiary | 
| 26:27 | Wind Walk | 
| 28:11 | Tauren Totem | 
| 28:12 | Tauren Totem | 
| 28:33 | Troll Witch Doctor | 
| 28:34 | Troll Berserker | 
| 28:40 | Burning Oil | 
| 28:42 | Demolisher | 
| 28:42 | Demolisher | 
| 30:27 | Pulverize | 
| 30:30 | Peon | 
| 30:31 | Peon | 
| 30:31 | Peon | 
| 30:31 | Peon | 
| 30:56 | War Mill | 
| 32:52 | Scroll of Protection | 
| 32:52 | Scroll of Healing | 
| 32:54 | Boots of Speed | 
| 32:54 | Periapt of Vitality | 
| 36:37 | Troll Berserker | 
| 36:43 | Demolisher | 
| 36:46 | Tauren | 
| 37:15 | Shaman | 
| 37:16 | Troll Witch Doctor | 
| Right click | 791 | 
| Select group | 665 | 
| Select | 393 | 
| Build/train/purchase | 116 | 
| Use ability | 101 | 
| Assign group | 29 | 
| Chat | 13 | 
| Misc. action | 8 | 
| Remove unit | 4 | 
| Minimap ping | 2 | 
| Item give/drop | 1 | 


 
                         
                             
                             
                         
                            | Peasant | 36 | 2700 | / | 0 | 
| Footman | 7 | 945 | / | 0 | 
| Priest | 9 | 1215 | / | 90 | 
| Knight | 4 | 980 | / | 240 | 
| Sorceress | 5 | 775 | / | 100 | 
| Mortar Team | 2 | 360 | / | 140 | 
| Gnoll Brute | 1 | 215 | / | 20 | 
| total: | 64 | 7190g | / | 590w | 
| Altar of Kings | 2 | 360 | / | 100 | 
| Farm | 13 | 1040 | / | 260 | 
| Barracks | 3 | 480 | / | 180 | 
| Lumber Mill | 1 | 120 | / | 0 | 
| Blacksmith | 2 | 280 | / | 120 | 
| Arcane Vault | 1 | 130 | / | 30 | 
| Town Hall | 1 | 385 | / | 205 | 
| Arcane Sanctum | 3 | 450 | / | 420 | 
| Workshop | 4 | 560 | / | 560 | 
| Keep | 1 | 320 | / | 210 | 
| Castle | 1 | 360 | / | 210 | 
| total: | 30 | 3805g | / | 1875w | 
| 0:03 | Peasant | 
| 0:12 | Altar of Kings | 
| 0:21 | Farm | 
| 0:22 | Peasant | 
| 0:23 | Peasant | 
| 0:23 | Peasant | 
| 0:28 | Peasant | 
| 0:49 | Peasant | 
| 0:56 | Barracks | 
| 1:11 | Farm | 
| 1:34 | Peasant | 
| 1:44 | Peasant | 
| 1:46 | Peasant | 
| 1:57 | Farm | 
| 2:06 | Barracks | 
| 2:09 | Footman | 
| 2:14 | Peasant | 
| 2:24 | Lumber Mill | 
| 2:34 | Footman | 
| 2:42 | Thunder Clap | 
| 2:49 | Footman | 
| 3:29 | Farm | 
| 3:31 | Footman | 
| 3:31 | Footman | 
| 4:29 | Storm Bolt | 
| 4:53 | Keep | 
| 5:53 | Improved Masonry | 
| 5:57 | Footman | 
| 7:07 | Gnoll Brute | 
| 7:19 | Farm | 
| 7:20 | Farm | 
| 7:24 | Farm | 
| 7:39 | Blacksmith | 
| 7:52 | Defend | 
| 7:53 | Footman | 
| 8:00 | Farm | 
| 8:14 | Arcane Vault | 
| 8:19 | Arcane Sanctum | 
| 8:32 | Arcane Sanctum | 
| 8:46 | Farm | 
| 8:47 | Farm | 
| 8:50 | Castle | 
| 9:52 | Sorceress Adept Training | 
| 9:52 | Priest Adept Training | 
| 10:08 | Iron Forged Swords | 
| 10:09 | Iron Plating | 
| 10:13 | Blacksmith | 
| 10:46 | Steel Plating | 
| 11:26 | Steel Forged Swords | 
| 11:43 | Priest | 
| 11:50 | Knight | 
| 11:55 | Animal War Training | 
| 12:08 | Improved Lumber Harvesting | 
| 12:14 | Priest Master Training | 
| 12:17 | Sorceress Master Training | 
| 12:30 | Brilliance Aura | 
| 12:45 | Farm | 
| 12:47 | Farm | 
| 12:48 | Farm | 
| 12:52 | Priest | 
| 13:16 | Town Hall | 
| 13:36 | Sundering Blades | 
| 14:42 | Priest | 
| 14:50 | Mithril Plating | 
| 14:55 | Peasant | 
| 15:10 | Peasant | 
| 15:10 | Peasant | 
| 15:10 | Peasant | 
| 15:33 | Advanced Masonry | 
| 16:14 | Advanced Lumber Harvesting | 
| 16:25 | Sorceress | 
| 16:26 | Sorceress | 
| 16:28 | Knight | 
| 16:41 | Peasant | 
| 16:41 | Peasant | 
| 16:42 | Peasant | 
| 18:45 | Priest | 
| 18:47 | Priest | 
| 19:00 | Barracks | 
| 19:05 | Arcane Sanctum | 
| 21:00 | Storm Bolt | 
| 21:11 | Sorceress | 
| 21:38 | Mithril Forged Swords | 
| 21:51 | Peasant | 
| 21:51 | Peasant | 
| 21:51 | Peasant | 
| 21:51 | Peasant | 
| 21:51 | Peasant | 
| 22:00 | Knight | 
| 22:44 | Priest | 
| 22:49 | Peasant | 
| 22:49 | Peasant | 
| 22:50 | Peasant | 
| 22:50 | Peasant | 
| 22:50 | Peasant | 
| 22:55 | Priest | 
| 22:55 | Sorceress | 
| 23:55 | Knight | 
| 24:52 | Peasant | 
| 24:52 | Peasant | 
| 24:52 | Peasant | 
| 24:52 | Peasant | 
| 24:55 | Altar of Kings | 
| 25:55 | Sorceress | 
| 25:56 | Priest | 
| 27:30 | Reinforced Defenses | 
| 28:17 | Peasant | 
| 29:59 | Black Gunpowder | 
| 30:01 | Studded Leather Armor | 
| 30:11 | Workshop | 
| 30:17 | Workshop | 
| 30:24 | Workshop | 
| 30:31 | Workshop | 
| 31:13 | Peasant | 
| 31:13 | Peasant | 
| 31:13 | Peasant | 
| 31:13 | Peasant | 
| 32:26 | Mortar Team | 
| 32:31 | Mortar Team | 
| 33:10 | Priest | 
| 34:09 | Thunder Clap | 
| Right click | 846 | 
| Select | 527 | 
| Select group | 321 | 
| Misc. action | 162 | 
| Build/train/purchase | 114 | 
| Assign group | 51 | 
| Use ability | 16 | 
| Minimap ping | 13 | 
| Remove unit | 7 | 
| Esc | 4 | 
 ⇛
⇛